Map: Acropolis LE

Players

Rhizer - Winner!

  • Race: Protoss Protoss
  • Spawn Location: 11:00

niceusername

  • Race: Terran Terran
  • Spawn Location: 5:00

VOD

Have the link to the VOD?

Description

Time

  • Played on: Sept. 6, 2019, 1:01 p.m.
  • Length: 5:25
Show
View Real Time Build Order
Export as new Build Order

Rhizer Protoss - Winner!

Build Orders: 1 Gate Expand 

Get SALT Encoding   

  12  0:00  Probe  
  13  0:13  Probe  
  14  0:21  Pylon  
  14  0:25  Probe  
  15  0:35  Probe  
  15  0:41  Gateway  
  16  0:43  Probe  
  16  0:49  Assimilator  
  17  0:54  Probe  
  18  1:06  Probe  
  19  1:18  Probe  
  20  1:30  Cybernetics Core  
  20  1:34  Nexus  
  20  1:36  Probe  
  21  1:48  Probe  
  21  1:49  Pylon  
  22  1:57  Adept  
  22  1:58  Warp Gate, Assimilator  
  22  2:00  Probe  
  25  2:13  Probe  
  26  2:19  Gateway  
  26  2:25  Probe  
  26  2:29  Stalker  
  29  2:37  Probe  
  29  2:42  Robotics Facility  
  30  2:47  Probe  
  31  2:56  Probe  
  32  2:59  Probe  
  33  3:08  Stalker  
  33  3:10  Gateway  
  33  3:11  Probe  
  33  3:12  Probe  
  37  3:20  Pylon  
  37  3:22  Warp Prism  
  37  3:23  Probe  
  37  3:24  Probe  
  41  3:37  Probe x2  
  43  3:48  Stalker x2  
  45  3:50  Probe  
  45  3:52  Observer, Probe  
  49  3:57  Pylon  
  50  4:05  Probe x2  
  50  4:07  Observer  
  50  4:09  Robotics Bay  
  52  4:10  Observer  
  52  4:12  Forge  
  53  4:17  Probe  
  53  4:19  Assimilator  
  53  4:21  Assimilator  
  53  4:23  Probe  
  55  4:29  Probe  
  56  4:36  Adept x3  
  62  4:43  Pylon  
  60  4:53  Probe x2  
  60  4:58  Pylon  
  62  5:05  Probe  
  63  5:12  Adept x3  
  70  5:17  Pylon  
  70  5:19  Pylon  
  51  5:21  Pylon  
Show
View Real Time Build Order
Export as new Build Order

niceusername Terran 

Build Orders:  

Get SALT Encoding   

  12  0:00  SCV  
  13  0:12  SCV  
  14  0:17  Supply Depot  
  14  0:24  SCV  
  15  0:38  SCV  
  15  0:40  Barracks  
  16  0:49  Refinery  
  16  0:50  SCV  
  17  1:03  SCV  
  18  1:15  SCV  
  19  1:27  SCV  
  19  1:30  Marine  
  21  1:38  Supply Depot  
  21  1:39  Orbital Command  
  21  1:48  Marine  
  22  2:03  Factory  
  22  2:09  Command Center  
  22  2:12  SCV  
  23  2:20  Barracks Reactor  
  23  2:23  Bunker  
  23  2:26  SCV  
  24  2:38  SCV  
  25  2:45  Refinery  
  25  2:48  Starport  
  25  2:51  SCV  
  26  2:52  Barracks  
  26  3:03  SCV  
  26  3:15  Widow Mine x2, SCV  
  31  3:24  Supply Depot  
  31  3:36  Supply Depot  
  31  3:41  Medivac, SCV, Marine  
  35  3:43  Widow Mine  
  35  3:45  Orbital Command  
  37  3:53  SCV  
  37  3:54  Widow Mine, Barracks Tech Lab  
  40  3:56  Barracks  
  40  4:05  SCV  
  40  4:08  Barracks Tech Lab  
  41  4:12  SCV  
  42  4:19  SCV  
  42  4:23  Marine  
  44  4:24  SCV  
  44  4:31  Factory Tech Lab  
  45  4:32  Command Center  
  45  4:34  Marine, SCV  
  45  4:36  SCV  
  47  4:41  Marine  
  47  4:46  SCV  
  47  4:49  SCV  
  46  4:53  Marine  
  46  4:58  SCV  
  45  5:01  SCV  
Tags
 
Add a new tag
Caveats
  • Supply blocks, unpowered buildings, or Contaminate may cause inaccurate times.
  • Supply counts are checked every 10 seconds.